AoeStats
← kolemy

Black Forest

503309228Analyzed
4v4 RM · 1mo ago on Aug 31, 2026· 62m 44s· 8 players
Game mode
Random Map
Map size
Large (8 player)
Population
200
Speed
Normal
Resources
Standard
Victory
Conquest
Starting age
Dark Age
Ending age
Imperial Age
RankedLock teamsTeams togetherTeam positionsShared explorationLock speedFull tech treeHidden civsTurbo modeCheats
Victory
Defeat
🇨🇳 Armenians · China
712
+11
🇺🇸 Turks · United States
693
+12
🇨🇴 Japanese · Colombia
654
+13
🇨🇳 Mongols · China
615
+15
🇨🇦 Byzantines · Canada
683
-17
🇵🇪 Persians · Peru
683
-17
🇬🇹 Vietnamese · Guatemala
530
-10
🇦🇷 Khmer · Argentina
488
-8
MIG
20:02 Feudal Age
22:02 Double-Bit Axe
22:00 Horse Collar
24:38 Castle Age
25:58 Bow Saw
25:49 Heavy Plow
28:04 Fervor
30:45 Gold Mining
30:49 Stone Mining
32:21 Wheelbarrow
31:32 Town Watch
33:27 Gold Shaft Mining
32:43 Treadmill Crane
34:22 Hand Cart
39:19 Imperial Age
36:36 Loom
36:51 Town Patrol
38:47 Forging
38:37 Scale Mail Armor
38:59 Ballistics
41:40 Two-Man Saw
40:21 Pikeman
41:01 Squires
42:13 Kataparuto
42:14 Conscription
41:50 Halberdier
42:16 Gambesons
42:16 Arson
42:51 Chain Mail Armor
43:11 Iron Casting
42:27 Fletching
44:15 Siege Engineers
45:10 Chemistry
44:21 Masonry
44:07 Murder Holes
44:23 Fortified Wall
46:17 Blast Furnace
45:47 Plate Mail Armor
45:14 Bodkin Arrow
46:11 Guard Tower
46:06 Arrowslits
47:55 Coinage
53:50 Yasama
53:12 Elite Samurai
54:31 Hoardings
ParanoiaAgent
3:19 Loom
13:49 Feudal Age
19:42 Castle Age
19:05 Horse Collar
26:12 Double-Bit Axe
30:17 Heavy Plow
32:27 Gold Mining
32:27 Stone Mining
39:48 Imperial Age
38:02 Wheelbarrow
37:13 Town Watch
38:51 Scale Barding Armor
38:58 Forging
38:38 Fletching
38:58 Caravan
39:58 Ballistics
39:34 Murder Holes
39:50 Masonry
40:08 Hand Cart
41:09 Iron Casting
42:16 Bloodlines
43:02 Architecture
42:13 Treadmill Crane
44:04 Gold Shaft Mining
43:35 Husbandry
45:47 Fortified Wall
45:50 Artillery
46:15 Conscription
46:31 Hoardings
51:45 Blast Furnace
51:06 Chain Barding Armor
56:01 Heavy Camel Rider
59:22 Plate Barding Armor
58:59 Bodkin Arrow
粤箐莎
10:25 Loom
13:01 Feudal Age
15:57 Double-Bit Axe
20:38 Castle Age
21:29 Bow Saw
21:52 Horse Collar
30:07 Heavy Plow
34:55 Imperial Age
32:17 Gold Mining
33:23 Wheelbarrow
33:43 Forging
33:38 Scale Barding Armor
35:53 Iron Casting
35:38 Chain Barding Armor
35:58 Gold Shaft Mining
36:39 Hand Cart
36:28 Caravan
37:56 Stone Mining
39:03 Town Watch
40:20 Blast Furnace
40:02 Husbandry
40:14 Bloodlines
39:28 Light Cavalry
41:21 Conscription
42:31 Stone Shaft Mining
42:08 Herbal Medicine
41:55 Hussar
42:27 Fletching
42:38 Padded Archer Armor
43:18 Nomads
43:39 Drill
43:18 Bodkin Arrow
44:05 Scale Mail Armor
44:25 Leather Archer Armor
45:05 Bracer
45:30 Heavy Scorpion
48:23 Parthian Tactics
49:06 Fortified Wall
49:02 Siege Engineers
49:24 Onager
50:17 Elite Steppe Lancer
51:26 Ballistics
52:11 Chemistry
51:05 Siege Onager
53:11 Elite Mangudai
60:58 Heavy Camel Rider
OceAN
5:43 Loom
13:33 Feudal Age
22:15 Castle Age
20:37 Double-Bit Axe
20:43 Gold Mining
20:43 Stone Mining
20:49 Stone Mining
23:29 Horse Collar
24:05 Bow Saw
24:35 Gold Shaft Mining
24:37 Fletching
31:51 Imperial Age
30:36 Heavy Plow
30:57 Bodkin Arrow
33:47 Bracer
33:11 Man-at-Arms
33:21 Elite Composite Bowman
35:18 Chemistry
35:09 Conscription
35:51 Wheelbarrow
35:02 Town Watch
35:28 Padded Archer Armor
35:51 Light Cavalry
38:11 Forging
38:16 Elite Skirmisher
40:38 Bloodlines
40:29 Husbandry
41:20 Iron Casting
41:23 Hand Cart
44:29 Blast Furnace
43:53 Pikeman
46:06 Ballistics
48:21 Halberdier
52:02 Scale Barding Armor
55:49 Chain Barding Armor
甲甲 Molodecre
11:11 Feudal Age
19:23 Castle Age
21:22 Loom
22:12 Wheelbarrow
34:59 Imperial Age
32:52 Hand Cart
34:08 Murder Holes
34:34 Ballistics
34:20 Husbandry
34:33 Forging
34:43 Squires
35:09 Gold Mining
35:11 Horse Collar
35:21 Double-Bit Axe
35:55 Cavalier
37:21 Stone Mining
38:06 Gold Shaft Mining
38:00 Bow Saw
40:48 Chemistry
39:38 Paladin
41:21 Stone Shaft Mining
40:09 Light Cavalry
40:46 Fletching
41:02 Scale Barding Armor
40:57 Scale Mail Armor
41:33 Iron Casting
40:58 Padded Archer Armor
40:20 Pikeman
40:46 Arson
41:09 Thumb Ring
42:45 Conscription
43:04 Hoardings
43:11 Capped Ram
45:22 Elite Skirmisher
46:47 Imperial Skirmisher
50:23 Halberdier
53:43 Two-Man Saw
52:52 Heavy Plow
kolemy
0:56 Loom
17:37 Feudal Age
18:33 Horse Collar
18:42 Double-Bit Axe
20:15 Wheelbarrow
24:51 Gold Mining
24:55 Stone Mining
27:19 Castle Age
27:03 Man-at-Arms
28:13 Fletching
28:37 Town Watch
30:09 Bow Saw
31:40 Heavy Plow
33:50 Treadmill Crane
34:52 Crossbowman
36:01 Hand Cart
35:47 Town Patrol
38:18 Imperial Age
39:02 Ballistics
38:38 Murder Holes
38:54 Fortified Wall
39:36 Bodkin Arrow
39:43 Caravan
43:09 Two-Man Saw
42:43 Crop Rotation
41:40 Arbalester
42:26 Thumb Ring
44:04 Paper Money
43:45 Chatras
46:26 Chemistry
45:36 Bracer
45:32 Pikeman
46:13 Squires
45:40 Light Cavalry
46:30 Bloodlines
46:21 Husbandry
45:41 Elite Battle Elephant
48:53 Guilds
49:14 Coinage
48:29 Elite Skirmisher
57:11 Cavalier
58:01 Halberdier
58:09 Imperial Skirmisher
El Fiel
13:26 Feudal Age
14:05 Horse Collar
17:48 Double-Bit Axe
24:32 Castle Age
22:54 Gold Mining
22:55 Stone Mining
27:14 Bow Saw
30:15 Imperial Age
29:16 Heavy Plow
31:13 Stone Shaft Mining
31:16 Gold Shaft Mining
34:30 Wheelbarrow
35:28 Crop Rotation
36:00 Two-Man Saw
36:13 Hand Cart
38:34 Elite War Elephant
39:05 Town Watch
40:19 Town Patrol
41:48 Husbandry
42:05 Bloodlines
42:26 Conscription
44:15 Murder Holes
44:13 Fletching
44:23 Padded Archer Armor
47:04 Bodkin Arrow
47:24 Leather Archer Armor
47:48 Guilds
Marta13
0:35 Loom
14:07 Feudal Age
20:36 Castle Age
18:46 Horse Collar
19:23 Double-Bit Axe
23:34 Fervor
24:17 Arson
24:08 Elite Skirmisher
25:30 Bow Saw
26:37 Wheelbarrow
25:56 Pikeman
29:06 Stone Mining
29:12 Gold Mining
28:56 Crossbowman
30:08 Caravan
36:03 Imperial Age
33:57 Hand Cart
33:28 Town Watch
34:45 Forging
34:26 Fletching
34:37 Scale Mail Armor
34:43 Scale Barding Armor
34:38 Padded Archer Armor
35:05 Bloodlines
35:52 Town Patrol
37:20 Fortified Wall
37:06 Murder Holes
38:09 Ballistics
38:12 Heavy Plow
38:52 Stone Shaft Mining
39:02 Leather Archer Armor
39:27 Conscription
40:28 Gold Shaft Mining
42:26 Bodkin Arrow
42:01 Arbalester
42:48 Husbandry
44:32 Elite Ballista Elephant
45:39 Cavalier
46:46 Bracer
49:46 Iron Casting
51:24 Double Crossbow
54:18 Blast Furnace
53:35 Chain Mail Armor
53:42 Chain Barding Armor
53:54 Ring Archer Armor
54:40 Halberdier
56:35 Imperial Skirmisher
Connection lost

Rejoining the realm…

Still unreachable

The connection could not be restored.

Session expired

The server has moved on; the page needs a fresh start.